 Dungeon Crawl Stone Soup version 0.30-b1-2-g02819fbbbe (webtiles) character file.

Game seed: 5194552137727041250

45537 suse60 the Impaler (level 14, -10/123 HPs)
             Began as a Merfolk Gladiator on Dec 7, 2023.
             Was a High Priest of Kikubaaqudgha.
             Mangled by a merfolk
             ... wielding a +0 glaive of freezing
             ... led by a merfolk impaler
              (11 damage)
             ... on level 1 of the Shoals on Dec 15, 2023.
             The game lasted 02:10:00 (15878 turns).

suse60 the Impaler (Merfolk Gladiator)             Turns: 15878, Time: 02:10:00

Health: -10/123    AC: 14    Str: 20    XL:     14   Next: 33%
Magic:  14/14      EV: 18    Int:  7    God:    Kikubaaqudgha [*****.]
Gold:   1132       SH:  5    Dex: 15    Spells: 8/13 levels left

rFire   . . .        k - +4 halberd
rCold   . . .        (shield currently unavailable)
rNeg    . . .        o - +1 scale mail
rPois   +            c - +1 helmet
rElec   .            y - +1 cloak
rCorr   .            C - +0 pair of gloves
SInv    .            v - melded +1 pair of boots
Will    +....        s - amulet of reflection
Stlth   +            g - ring of poison resistance
HPRegen 0.40/turn    (no ring)
MPRegen 0.14/turn

%: reflection
@: mighty, lethally poisoned (-10 -> -26), engulfed, studying Ranged Weapons,
very quick
A: nimble swimmer 2, mertail
a: Renounce Religion, Unearth Wretches, Torment


You were on level 1 of the Shoals.
You worshipped Kikubaaqudgha.
Kikubaaqudgha was extremely pleased with you.
You visited 4 branches of the dungeon, and saw 18 of its levels.
You also visited: Bailey.

You collected 1132 gold pieces.

Inventory:

Hand Weapons
 a - a +3 trident of protection
 d - a +1 scimitar of flaming
 k - a +4 halberd (weapon)
 A - the +3 hand axe of Wawoelor {spect, Fragile rPois rC++ rCorr}
   (You found it on level 10 of the Dungeon)

   rC:        It greatly protects you from cold.
   rPois:     It protects you from poison.
   rCorr:     It protects you from acid and corrosion.
   Fragile:   It will be destroyed if unequipped.
Missiles
 e - 5 javelins (quivered)
 j - 41 poisoned darts
 H - 2 silver javelins
Armour
 c - a +1 helmet (worn)
 o - a +1 scale mail (worn)
 v - a +1 pair of boots (melded)
 y - a +1 cloak (worn)
 C - a +0 pair of gloves (worn)
Jewellery
 g - a ring of poison resistance (left hand)
 m - the ring "Lurev" {*Slow rC+ Str+6 Int-4 SInv}
   (You found it on level 6 of the Dungeon)

   [ring of protection from cold]

   Str:       It affects your strength (+6).
   Int:       It affects your intelligence (-4).
   rC:        It protects you from cold.
   SInv:      It lets you see invisible.
   *Slow:     It may slow you when you take damage.
 s - an amulet of reflection (around neck)
 t - an amulet of regeneration
Wands
 p - a wand of acid (2)
 E - a wand of polymorph (30)
 G - a wand of flame (48)
 J - a wand of charming (3)
Scrolls
 h - 2 scrolls of fog
 i - 5 scrolls of teleportation
 u - 2 scrolls of identify
 F - a scroll of magic mapping
 K - a scroll of amnesia
Potions
 b - 3 potions of resistance
 f - 5 potions of cancellation
 l - 2 potions of mutation
 n - 3 potions of brilliance
 q - 3 potions of curing
 r - 3 potions of invisibility
 w - 6 potions of flight
 x - a potion of lignification
 z - 2 potions of haste
 B - 3 potions of magic
 D - 2 potions of ambrosia


   Skills:
 + Level 15.5 Fighting
 - Level 17.8 Polearms
 - Level 6.3 Throwing
 - Level 5.0 Armour
 + Level 11.2 Dodging
 + Level 5.5 Necromancy
 - Level 5.0 Evocations


You had 8 spell levels left.
You knew the following spells:

 Your Spells              Type           Power      Damage    Failure   Level
a - Sting                 Tmut/Pois      0%         1d3       77%         1
b - Stone Arrow           Conj/Erth      0%         3d7       98%         3
c - Necrotise             Necr           28%        1d5       13%         1

Your spell library contained the following spells:

 Spells                   Type           Power      Damage    Failure   Level
 Vampiric Draining        Necr           7%         2d6       36%         3
 Cigotuvi's Dreadful Rot  Necr/Pois/Air  4%         N/A       65%         2
 Freeze                   Ice            0%         1d3       77%         1
 Sandblast                Erth           0%         2d4       77%         1
 Slow                     Hex            0%         N/A       77%         1
 Summon Small Mammal      Summ           0%         N/A       77%         1
 Animate Dead             Necr           7%         N/A       78%         4
 Dispel Undead            Necr           7%         3d8       78%         4
 Passwall                 Tmut/Erth      0%         N/A       88%         2
 Poisonous Vapours        Pois/Air       0%         N/A       88%         2
 Call Canine Familiar     Summ           0%         N/A       98%         3
 Confusing Touch          Hex            0%         N/A       98%         3
 Frozen Ramparts          Ice            0%         1d1       98%         3
 Hailstorm                Conj/Ice       0%         3d3       98%         3
 Ignite Poison            Fire/Tmut/Pois 0%         N/A       98%         3
 Summon Guardian Golem    Hex/Summ       0%         N/A       98%         3
 Vhi's Electric Charge    Tloc/Air       0%         N/A       98%         3
 Anguish                  Hex/Necr       1%         N/A       99%         4
 Animate Armour           Summ/Erth      0%         N/A       100%        4
 Cause Fear               Hex            0%         N/A       100%        4
 Olgreb's Toxic Radiance  Pois           0%         N/A       100%        4
 Passage of Golubria      Tloc           0%         N/A       100%        4
 Sticky Flame             Conj/Fire      0%         2d3       100%        4
 Arcjolt                  Conj/Air       0%         1d10      100%        5
 Borgnjor's Vile Clutch   Necr/Erth      1%         N/A       100%        5
 Silence                  Hex/Air        0%         N/A       100%        5
 Death Channel            Necr           3%         N/A       100%        6
 Plasma Beam              Fire/Air       0%         2x1d11    100%        6
 Simulacrum               Ice/Necr       1%         N/A       100%        6
 Statue Form              Tmut/Erth      0%         N/A       100%        6
 Enfeeble                 Hex            0%         N/A       100%        7
 Orb of Destruction       Conj           0%         9d5       100%        7
 Spellforged Servitor     Conj/Summ      0%         N/A       100%        7
 Ignition                 Fire           0%         3d3       100%        8
 Lehudib's Crystal Spear  Conj/Erth      0%         10d2      100%        8
 Fire Storm               Conj/Fire      0%         5d1       100%        9


Dungeon Overview and Level Annotations

Branches:
Dungeon (11/15)            Temple (1/1) D:7            Lair (5/5) D:9
 Shoals (1/4) Lair:3        Snake (0/4) Lair:2          Orc (0/2) D:11
 Bailey (visited)
  Slime: Lair:4-5

Altars:
Cheibriados
Dithmenos
Elyvilon
Hepliaklqana
Kikubaaqudgha
Makhleb
Okawaru
Ru
Sif Muna
Trog
Vehumet
Wu Jian
Xom
Yredelemnul
Zin
The Shining One

Shops:
D:1 (   D:4 *

Annotations:
Lair:2 2 transporters, Farlane's ghost, journeyman HOMo
Shoals:1 3 runed translucent doors, Gartch's ghost, journeyman MiBe; MrClown's ghost, adept DsNe; Ralhos's ghost, adept MiFi; popps's ghost, adept GrFi


Innate Abilities, Weirdness & Mutations

You are very nimble when in or above water. (Stealth+, EV+, Speed+++)
Your lower body shifts to a powerful aquatic tail in water.


Message History

The merfolk impaler barely misses you.
The merfolk hits you from afar with a +0 glaive of freezing!
The merfolk freezes you.
You feel very mighty all of a sudden.
You feel very sick. The water elemental barely misses you.
You block the merfolk impaler's attack. The merfolk closely misses you.
The merfolk impaler closely misses you.
The merfolk hits you from afar with a +0 glaive of freezing!
The merfolk freezes you.
You puncture the merfolk!
Your tail-slap misses the merfolk.
The merfolk is moderately wounded.
You feel sick. The water elemental hits you!
The water elemental engulfs you in water!
The merfolk hits you from afar with a +0 halberd!
* * * LOW HITPOINT WARNING * * *
The merfolk impaler barely misses you. The merfolk barely misses you.
You closely miss the merfolk.
The merfolk is moderately wounded.
You feel sick.
The merfolk impaler hits you from afar with a +1 trident of venom!
* * * LOW HITPOINT WARNING * * *
You are more poisoned.
The merfolk hits you from afar with a +0 glaive of freezing.
* * * LOW HITPOINT WARNING * * *
The merfolk freezes you.
* * * LOW HITPOINT WARNING * * *
The water elemental hits you.
* * * LOW HITPOINT WARNING * * *
The merfolk hits you from afar with a +0 halberd!!
* * * LOW HITPOINT WARNING * * *
You block the merfolk's attack.
You slash the merfolk!
The merfolk is heavily wounded.
* * * LOW HITPOINT WARNING * * *
You feel very sick.
The merfolk impaler hits you from afar with a +1 trident of venom.
* * * LOW HITPOINT WARNING * * *
The merfolk hits you from afar with a +0 glaive of freezing!
You die...
Kikubaaqudgha rasps: "You have failed me!
Welcome... death!"

≈≈≈≈≈≈≈≈≈~~~~~~..........~~
≈≈≈≈≈≈≈~~~~~~~~............
≈≈≈≈≈≈~.............(......
≈≈≈≈≈~~..###.............~~
≈≈≈≈≈~~..#####..........~~~
≈≈≈≈≈~~~..##.#...........~~
≈≈≈≈≈~~~~..>.#...........~~
≈≈≈≈≈≈~~~~~.m#.....[....~~≈
≈≈≈≈≈≈≈~~~@Em...........~≈≈
≈≈≈≈≈≈≈≈≈~m~~.......##..~
≈≈≈≈≈≈≈≈≈≈~~m~~....
≈≈≈≈≈≈≈≈≈≈~~~~~~~~
≈≈≈≈≈≈≈≈≈≈≈≈~~~~~~
≈≈≈≈≈≈≈≈≈≈≈≈≈≈≈≈≈~
≈≈≈≈≈≈≈≈≈≈≈≈≈≈≈≈≈
≈≈≈≈≈≈≈≈≈≈≈≈≈≈≈≈
≈≈≈≈≈≈≈≈≈≈≈≈≈≈≈


You could see a merfolk impaler, 3 merfolk and a water elemental.

Vanquished Creatures
  A merfolk javelineer (Shoals:1)
  A hydra (Lair:4)
  A catoblepas (Lair:1)
  Erica (D:8)
  A centaur warrior (Shoals:1)
  A two-headed ogre (D:10)
  A skyshark (Shoals:1)
  3 sea snakes (Shoals:1)
  The ghost of kolakolka the Grappler, a novice TrGl of Uskayaw (D:6)
  An orc knight (Bailey)
  2 harpies
  A cyclops (D:11)
  2 manticores (Shoals:1)
  6 black mambas
  5 elephants
  A moth of wrath (Bailey)
  A gargoyle (D:11)
  A torpor snail (Lair:2)
  3 merfolk sirens (Shoals:1)
  2 rime drakes
  6 cane toads
  A freezing wraith (D:11)
  13 komodo dragons
  A polar bear (Lair:2)
  3 merfolk (Shoals:1)
  2 trolls
  A wind drake (Shoals:1)
  Grinder (D:6)
  A snapping turtle (Shoals:1)
  12 dream sheep (Lair:1)
  Sigmund (D:4)
  A water elemental (Shoals:1)
  A wraith (D:9)
  Eustachio (D:6)
  3 wyverns
  3 steam dragons
  30 yaks
  A basilisk (D:11)
  Menkaure (D:3)
  A warg (D:11)
  17 water moccasins
  2 black bears
  An ice beast (D:7)
  A sky beast (D:7)
  13 orc warriors
  3 wolves (Lair:1)
  4 centaurs
  2 kobold brigands
  14 bullfrogs
  5 gnoll sergeants
  7 scorpions
  5 killer bees (D:9)
  2 electric eels
  A crimson imp (D:3)
  5 jellies
  5 hounds
  Crazy Yiuf (D:4)
  2 gnoll boudas
  11 orc priests
  5 iguanas
  2 sleepcaps
  13 orc wizards
  22 gnolls
  8 adders
  2 shadow imps
  An ufetubus (D:4)
  A worm (D:3)
  2 dart slugs (D:4)
  67 orcs
  A bat (D:2)
  An endoplasm (D:2)
  2 goblins
  10 hobgoblins
  20 kobolds
  4 quokkas
  2 ball pythons (D:2)
  2 frilled lizards (D:2)
  5 rats
391 creatures vanquished.

Vanquished Creatures (others)
  A wizard (D:7)
  2 bushes (Lair:1)
  17 fungi
  98 plants
  2 withered plants (Shoals:1)
120 creatures vanquished.

Grand Total: 511 creatures vanquished

Notes
Turn   | Place    | Note
-------+----------+-------------------------------------------
     0 | D:1      | suse60 the Merfolk Gladiator began the quest for the Orb.
     0 | D:1      | Reached XP level 1. HP: 16/16 MP: 1/1
   155 | D:1      | Reached XP level 2. HP: 23/23 MP: 2/2
   407 | D:1      | Found Vemaykk's Weapon Boutique.
  1169 | D:2      | Reached XP level 3. HP: 28/28 MP: 3/3
  1229 | D:2      | Reached XP level 4. HP: 29/35 MP: 4/4
  1402 | D:2      | Reached skill level 5 in Dodging
  1691 | D:3      | Reached skill level 5 in Polearms
  2025 | D:3      | Reached XP level 5. HP: 41/41 MP: 5/5
  2203 | D:3      | Found a faded altar of an unknown god.
  2205 | D:3      | Found a burning altar of Makhleb.
  2205 | D:3      | Found a radiant altar of Vehumet.
  2340 | D:4      | Noticed Menkaure
  2347 | D:3      | Killed Menkaure
  2348 | D:3      | Reached skill level 6 in Polearms
  2348 | D:3      | Reached XP level 6. HP: 10/49 MP: 6/6
  2754 | D:4      | Noticed Sigmund
  2824 | D:5      | Entered Level 5 of the Dungeon
  2906 | D:5      | Reached XP level 7. HP: 42/55 MP: 7/7
  2931 | D:5      | Reached skill level 5 in Fighting
  2969 | D:5      | Reached skill level 7 in Polearms
  3344 | D:5      | Reached XP level 8. HP: 44/64 MP: 8/8
  3416 | D:5      | Reached skill level 8 in Polearms
  3817 | D:6      | Found a transporter.
  3820 | D:6      | Found a transporter.
  3821 | D:6      | Noticed kolakolka's ghost (novice TrGl)
  3897 | D:6      | Reached skill level 9 in Polearms
  3926 | D:6      | Reached XP level 9. HP: 69/72 MP: 9/9
  4141 | D:6      | Noticed Grinder
  4144 | D:6      | Killed Grinder
  4203 | D:6      | Noticed Eustachio
  4218 | D:6      | Killed Eustachio
  4219 | D:6      | Reached skill level 10 in Polearms
  4219 | D:6      | Reached skill level 10 in Dodging
  4555 | D:4      | Killed Sigmund
  4655 | D:4      | Found a runed translucent door.
  4656 | D:4      | Noticed Crazy Yiuf
  4664 | D:4      | Killed Crazy Yiuf
  4694 | D:4      | Found Tuow's General Store.
  4805 | D:7      | Found a staircase to the Ecumenical Temple.
  4816 | Temple   | Entered the Ecumenical Temple
  4819 | Temple   | Became a worshipper of Kikubaaqudgha
  5329 | D:7      | Found a bloodstained altar of Trog.
  5330 | D:7      | Noticed a wizard
  5336 | D:7      | Killed a wizard
  5424 | D:7      | Identified the +0 leather armour of Ogixt {Rampage *Slow
                  | rPois rC++}
  5806 | D:8      | Reached skill level 11 in Polearms
  5892 | D:8      | Reached XP level 10. HP: 83/83 MP: 10/10
  5912 | D:8      | Reached * piety under Kikubaaqudgha
  5912 | D:8      | Received a gift from Kikubaaqudgha
  6175 | D:8      | Noticed Erica
  6189 | D:8      | Killed Erica
  6190 | D:8      | Reached skill level 5 in Throwing
  6778 | D:9      | Reached skill level 1 in Evocations
  6779 | D:9      | Found a flagged portal.
  6788 | Bailey   | Entered a bailey
  6805 | Bailey   | Reached ** piety under Kikubaaqudgha
  6906 | Bailey   | Reached skill level 12 in Polearms
  7091 | Bailey   | Reached skill level 10 in Fighting
  7105 | Bailey   | Noticed an orc knight
  7105 | Bailey   | Noticed an orc knight
  7131 | Bailey   | an orc knight changed into a swamp dragon
  7131 | Bailey   | Noticed a swamp dragon
  7132 | Bailey   | a swamp dragon changed into a moth of wrath
  7132 | Bailey   | Noticed a moth of wrath
  7137 | Bailey   | Killed a moth of wrath
  7159 | Bailey   | Killed an orc knight
  7459 | D:9      | Reached XP level 11. HP: 92/92 MP: 11/11
  7560 | D:9      | Found a white marble altar of Elyvilon.
  7630 | D:9      | Reached skill level 13 in Polearms
  7682 | D:9      | Found a staircase to the Lair.
  7789 | D:9      | You fall into a shaft and drop 1 floor!
  7789 | D:10     | Entered Level 10 of the Dungeon
  7861 | D:9      | Reached *** piety under Kikubaaqudgha
  7861 | D:9      | Received a gift from Kikubaaqudgha
  8110 | D:10     | Identified the +3 hand axe of Wawoelor {spect, Fragile
                  | rPois rC++ rCorr}
  8188 | D:10     | Noticed a two-headed ogre
  8219 | D:10     | Killed a two-headed ogre
  8230 | D:10     | Reached skill level 5 in Evocations
  8506 | D:10     | Reached skill level 1 in Armour
  8835 | D:11     | Reached **** piety under Kikubaaqudgha
  8853 | D:11     | Found a staircase to the Orcish Mines.
  8941 | D:11     | Reached skill level 15 in Polearms
  8941 | D:11     | Reached XP level 12. HP: 103/103 MP: 12/12
  9623 | D:6      | Killed kolakolka's ghost
  9707 | D:6      | Identified the ring "Lurev" {*Slow rC+ Str+6 Int-4 SInv}
  9829 | Lair:1   | Entered Level 1 of the Lair of Beasts
 10113 | Lair:1   | Reached skill level 5 in Armour
 10214 | Lair:1   | Noticed a catoblepas
 10215 | Lair:1   | Reached XP level 13. HP: 111/111 MP: 13/13
 10242 | Lair:1   | Reached skill level 16 in Polearms
 10324 | Lair:1   | Got the Textbook on the Metamorphic Shot
 10446 | Lair:1   | Reached ***** piety under Kikubaaqudgha
 10535 | Lair:1   | Reached skill level 1 in Necromancy
 10574 | Lair:1   | Learned a level 1 spell: Sting
 10589 | Lair:1   | Learned a level 3 spell: Stone Arrow
 10924 | Lair:2   | Found a staircase to the Snake Pit.
 11061 | Lair:2   | Found a transporter.
 11081 | Lair:2   | Noticed Farlane's ghost (journeyman HOMo)
 11114 | Lair:2   | Found a transporter.
 11909 | Lair:2   | Reached skill level 17 in Polearms
 11919 | Lair:3   | Found a staircase to the Shoals.
 13016 | Lair:3   | Learned a level 1 spell: Necrotise
 13435 | Lair:4   | Reached XP level 14. HP: 99/121 MP: 14/14
 13562 | Lair:4   | Reached skill level 15 in Fighting
 14056 | Lair:5   | Entered Level 5 of the Lair of Beasts
 14177 | Shoals:1 | Entered Level 1 of the Shoals
 14476 | Shoals:1 | Reached skill level 5 in Necromancy
 15540 | Shoals:1 | Found a runed translucent gate.
 15540 | Shoals:1 | Found a runed translucent gate.
 15540 | Shoals:1 | Found a runed translucent gate.
 15541 | Shoals:1 | Noticed Gartch's ghost (journeyman MiBe)
 15541 | Shoals:1 | Noticed MrClown's ghost (adept DsNe)
 15542 | Shoals:1 | Noticed Ralhos's ghost (adept MiFi)
 15542 | Shoals:1 | Noticed popps's ghost (adept GrFi)
 15877 | Shoals:1 | HP: 5/123 [merfolk/+0 halberd[a merfolk impaler] (18)]
 15878 | Shoals:1 | HP: 2/123 [poisoned by a merfolk impaler]
 15878 | Shoals:1 | Mangled by a merfolk

Illustrated notes

Levels and vault maps discovered:
D:1:      minmay_arrival_three_doors, layout_basic, serial_shops, shop,
          minmay_circled_x
D:2:      layout_basic, minmay_pentomino_t4
D:3:      layout_rooms, grunt_temple_overflow_lords_of_destruction,
          hellmonk_ecumenical_altar_leap_of_faith
D:4:      layout_cave_pools, serial_shops, nicolae_shop_behind_doors,
          uniq_sigmund, uniq_menkaure, uniq_crazy_yiuf_cottage
D:5:      layout_loops_cross, lightli_minifort
D:6:      layout_basic, gammafunk_ghost_gnarly_gnolls, uniq_grinder,
          uniq_eustachio
D:7:      layout_loops_corners, trog_wizard, minmay_temple_entry_waves
D:8:      layout_loops_ring, special_room [special_room_orc],
          serial_bayou_lagoon_a, serial_bayou_pond_a, uniq_erica
D:9:      layout_irregular_city, mainiacjoe_overflow_boulevard,
          dpeg_oklobed_lair, enter_bailey_8
D:10:     layout_basic
D:11:     layout_irregular_city, erik_orc_4
Temple:   dpeg_three_leaves_temple
Lair:1:   layout_loops_ring, nicolae_lair_grazing_beasts
          [nicolae_sub_lair_graze_edge, nicolae_sub_lair_graze_edge,
          nicolae_sub_lair_graze_edge, nicolae_sub_lair_graze_edge],
          grunt_megastairs_2
Lair:2:   layout_chaotic_city, minmay_snake_entry_six_corridors,
          gammafunk_ghost_berserking_beasts, hangedman_lair_generics_rect,
          infiniplex_staircase_pool
Lair:3:   layout_regular_city, nicolae_shoals_entry_roost
Lair:4:   layout_gridlike
Lair:5:   gammafunk_lair_ancient_temple, layout_gridlike,
          nicolae_slime_entry_field_trip
Shoals:1: nicolae_shoals_aurelia_aurita, layout_shoals, gammafunk_ghost_cemetery

Skill      XL: |  1  2  3  4  5  6  7  8  9 10 11 12 13 14 |
---------------+-------------------------------------------+-----
Fighting       | 3 4 6 7 9 10 12 13 14 15 | 15.5
Dodging        | 5 6 7 9 10 11 | 11.2
Polearms       | 5 6 7 9 11 12 15 17 | 17.8
Throwing       | 4 5 6 |  6.3
Evocations     | 3 5 |  5.0
Armour         | 4 5 |  5.0
Necromancy     | 4 5 |  5.5

Action                     |  1- 3 |  4- 6 |  7- 9 | 10-12 | 13-15 || total
---------------------------+-------+-------+-------+-------+-------++-------
  Melee: Trident           |    98 |   108 |   237 |   567 |   318 ||  1328
         Tailslap          |       |     2 |    11 |     4 |    41 ||    58
         Punch             |       |       |     2 |     5 |     6 ||    13
         Spear             |       |       |    48 |    29 |       ||    77
         Halberd           |       |       |       |       |   323 ||   323
         Scimitar          |       |       |       |       |     6 ||     6
  Throw: Throwing net      |       |     1 |       |     4 |     3 ||     8
         Javelin           |       |       |    21 |    37 |    33 ||    91
  Evoke: Wand              |       |       |     9 |    36 |     5 ||    50
    Use: Scroll            |     4 |    19 |     4 |     8 |     7 ||    42
         Potion            |       |     2 |       |     6 |     1 ||     9
   Stab: Sleeping          |     1 |     3 |       |       |       ||     4
         Held in net/web   |       |     1 |       |     1 |     2 ||     4
         Distracted        |       |     1 |       |       |       ||     1
 Armour: Leather armour    |    30 |    16 |       |       |       ||    46
         Scale mail        |       |     8 |    88 |   146 |   173 ||   415
  Dodge: Dodged            |    70 |    57 |   136 |   268 |   320 ||   851
  Block: Other             |       |       |       |       |    33 ||    33
